 Dungeon Crawl Stone Soup version 0.18.1-47-g9310371 (webtiles) character file.

46 KrisztiCat the Digger (level 3, -3/19 HPs)
             Began as a Gargoyle Earth Elementalist on June 17, 2016.
             Was an Initiate of Vehumet.
             Slain by a goblin
             ... wielding a +0 club
             ... led by Robin
              (5 damage)
             ... on level 3 of the Dungeon.
             The game lasted 00:08:25 (1319 turns).

KrisztiCat the Digger (Gargoyle Earth Elementalist) Turns: 1319, Time: 00:08:26

Health: -3/19      AC:  5    Str: 11    XL:     3   Next: 66%
Magic:  4/7        EV: 12    Int: 16    God:    Vehumet [......]
Gold:   134        SH:  0    Dex: 10    Spells: 1 memorised, 7 levels left

rFire  . . .     SeeInvis .     f - -2 dagger (curse)
rCold  . . .     Gourm    .     a - +0 robe
rNeg   + + .     Faith    .     (no shield)
rPois  ∞         Spirit   .     (no helmet)
rElec  +         Dismiss  .     (no cloak)
rCorr  .         Reflect  .     (no gloves)
SustAt .         Harm     .     (no boots)
MR     .....                    (no amulet)
Stlth  ++........               (no ring)
                                k - ring of positive energy

@: very slightly contaminated, not resistant to hostile enchantments, unstealthy
A: negative energy resistance 1, electricity resistance, unbreathing,
petrification resistance, rot immunity, AC +3
a: Renounce Religion


You were on level 3 of the Dungeon.
You worshipped Vehumet.
Vehumet was noncommittal.
You were not hungry.

You visited 1 branch of the dungeon, and saw 3 of its levels.

You collected 134 gold pieces.

Inventory:

Hand Weapons
 f - a cursed -2 dagger (weapon)
 g - a +0 dagger
 p - a cursed +0 whip
Missiles
 b - 81 stones (quivered)
Armour
 a - a +0 robe (worn)
Jewellery
 k - a ring of positive energy (left hand)
Wands
 q - a wand of acid (11/15)
Scrolls
 i - 3 scrolls of identify {unknown}
 m - 2 scrolls of teleportation {unknown}
 n - a scroll of amnesia {unknown}
 t - a scroll of fog {unknown}
 v - a scroll of enchant weapon {unknown}
Potions
 e - 3 potions of heal wounds {unknown}
 l - 3 potions of flight {unknown}
 o - 2 potions of berserk rage {unknown}
 r - a potion of curing {unknown}
 u - a potion of mutation {unknown}
 z - a potion of cure mutation {unknown}
Books
 c - a book of Geomancy

   Spells                             Type                      Level
   a - Sandblast                      Earth                        1
   b - Passwall                       Transmutation/Earth          2
   c - Stone Arrow                    Conjuration/Earth            3
   d - Petrify                        Transmutation/Earth          4
   e - Lee's Rapid Deconstruction     Earth                        5
Comestibles
 d - 2 bread rations
 h - 2 chunks of flesh
 j - a royal jelly
 s - a meat ration
 w - 5 fruits
 x - a slice of pizza


   Skills:
 - Level 1.5 Dodging
 - Level 2.1 Stealth
 * Level 3.3 Spellcasting
   Level 0.7 Transmutations
 + Level 4.1 Earth Magic


You had 7 spell levels left.
You knew the following spells:

 Your Spells              Type           Power        Failure   Level  Hunger
a - Sandblast             Erth           ###...       4%          1    None


Dungeon Overview and Level Annotations

Branches:
Dungeon (3/15)

Altars:
Ru
Vehumet
Yredelemnul

Annotations:
D:3 PeterLawrence's ghost, amateur DsFi; Robin


Innate Abilities, Weirdness & Mutations

You are resistant to torment.
Your stone body is resilient (AC +3).
You are immune to poison.
You resist negative energy.
You are resistant to electric shocks.
You can survive without breathing.
You are immune to petrification.
You are immune to rotting.


Message History

The goblins go into a battle-frenzy!
The goblin hits you with a club.
Casting: Sandblast
Confirm with . or Enter, or press ? or * to list all spells.
Aiming: Sandblast
Press: ? - help, Shift-Dir - straight line, f/p - Robin
Aim: Robin, wielding a mace, wearing an animal skin and wearing a helmet (heavily wounded)
You miscast Sandblast.
You are very lightly contaminated with residual magic.
You feel a surge of energy from the ground.
The goblin closely misses you. The goblin hits you with a club.
The goblin shoots a stone.
The stone barely misses you.
The stone closely misses the goblin.
The goblin hits you with a club. The goblin hits you but does no damage.
The goblin barely misses you. Robin hits you but does no damage.
The goblin completely misses you. The goblin barely misses you.
Robin throws the goblin at you! The goblin hits you with a club.
* * * LOW HITPOINT WARNING * * *
The goblin hits you with a club.
You die...

#........#
..######.#
#......... #.#
#........# #.#
#........# #.#
#....gg..# #.#
#.....gW.# #.#
#...g.ggg# #.#
#....gggg# #.#
#.#####@## #)####
#g# #.....
#.################
#.............<...
## #
##############.###
.#.# #.# #
#####+##.#.##
#.###
.............
#....
...........##
#####


You could see Robin, PeterLawrence's ghost, 2 hobgoblins and 9 goblins.

Vanquished Creatures
  An adder (D:2)
  2 dart slugs
  A giant gecko (D:1)
  An orc (D:3)
  7 bats
  A giant cockroach (D:2)
  A hobgoblin (D:1)
  5 jackals (D:1)
  4 kobolds
  2 giant newts (D:1)
  2 goblins (D:1)
  2 rats (D:1)
29 creatures vanquished.

Notes
Turn   | Place    | Note
--------------------------------------------------------------
     0 | D:1      | KrisztiCat the Gargoyle Earth Elementalist began the quest for the Orb.
     0 | D:1      | Reached XP level 1. HP: 10/10 MP: 3/3
   197 | D:1      | Reached XP level 2. HP: 11/15 MP: 1/5
   485 | D:2      | Reached skill level 4 in Earth Magic
   507 | D:1      | Reached XP level 3. HP: 16/19 MP: 1/7
  1008 | D:2      | Found a basalt altar of Yredelemnul.
  1019 | D:2      | Found a radiant altar of Vehumet.
  1033 | D:2      | Became a worshipper of Vehumet
  1272 | D:3      | Found a sacrificial altar of Ru.
  1272 | D:3      | Noticed PeterLawrence's ghost (amateur DsFi)
  1311 | D:3      | Noticed Robin
  1319 | D:3      | Slain by a goblin

Skill      XL: |  1  2  3 |
---------------+----------+-----
Earth Magic    | 4 |  4.1
Spellcasting   | 3 |  3.3
Dodging        | |  1.5
Stealth        | |  2.1
Transmutations | |  0.7

Action                   || total
-------------------------++-------
Melee: Dagger            ||    50
 Cast: Sandblast         ||    56
 Stab: Sleeping          ||     1
  Eat: Chunk             ||     2
Armor: Robe              ||    39
Dodge: Dodged            ||    58
